 Dungeon Crawl Stone Soup version 0.24-a0-368-g0e0cebd0f3 (webtiles) character file.

Game seed: 10696842454979425654

101 nikopol the Magician (level 4, -1/24 HPs)
             Began as a Deep Elf Fire Elementalist on May 29, 2019.
             Slain by an orc
             ... wielding a +2 short sword of freezing
              (7 damage)
             ... on level 2 of the Dungeon.
             The game lasted 00:03:44 (1758 turns).

nikopol the Magician (Deep Elf Fire Elementalist)   Turns: 1758, Time: 00:03:44

Health: -1/24      AC:  4    Str:  8    XL:     4   Next: 48%
Magic:  6/12       EV: 13    Int: 21    God:
Gold:   184        SH:  0    Dex: 15    Spells: 2/12 levels left

rFire    . . .     SeeInvis .   f - +0 dagger
rCold    + . .     Gourm    .   (no shield)
rNeg     . . .     Faith    .   a - +0 robe
rPois    .         Spirit   .   (no helmet)
rElec    .         Reflect  .   (no cloak)
rCorr    .         Harm     .   m - +1 pair of gloves {Str+3}
MR       .....                  (no boots)
Stlth    +++.......             (no amulet)
HPRegen  0.08/turn              k - ring of protection from cold
MPRegen  0.13/turn              (no ring)

@: no status effects
A: no striking features
a: no special abilities


You were on level 2 of the Dungeon.
You were not hungry.

You visited 1 branch of the dungeon, and saw 3 of its levels.

You collected 184 gold pieces.

Inventory:

Hand Weapons
 f - a +0 dagger (weapon)
Armour
 a - a +0 robe (worn)
 m - a +1 pair of gloves of strength (worn)
Jewellery
 k - a ring of protection from cold (left hand)
Scrolls
 b - 3 scrolls of teleportation {unknown}
 e - 3 scrolls of identify {unknown}
 h - a scroll of immolation {unknown}
 j - 2 scrolls of amnesia {unknown}
 p - a scroll of fog {unknown}
Potions
 d - 2 potions of heal wounds {unknown}
 g - a potion of resistance {unknown}
 i - a potion of magic {unknown}
 l - a potion of brilliance {unknown}
 n - a potion of lignification {unknown}
 q - a potion of ambrosia {unknown}
 r - a potion of might {unknown}
 s - a potion of haste {unknown}
Comestibles
 c - 3 rations


   Skills:
 + Level 2.4 Dodging
 + Level 3.6 Stealth
 + Level 4.5 Spellcasting
 + Level 1.7 Conjurations
 + Level 4.2 Fire Magic


You had 2 spell levels left.
You knew the following spells:

 Your Spells              Type           Power        Failure   Level  Hunger
a - Flame Tongue          Conj/Fire      ###..        3%          1    None
b - Throw Flame           Conj/Fire      ###...       4%          2    #......
c - Conjure Flame         Conj/Fire      ###.....     10%         3    ##.....
d - Sticky Flame          Conj/Fire      ###.....     32%         4    ####...

Your spell library contained the following spells:

 Spells                   Type           Power        Failure   Level  Hunger
 Inner Flame              Hex/Fire       ##......     14%         3    ##.....
 Fireball                 Conj/Fire      ###.......   67%         5    ######.


Dungeon Overview and Level Annotations

Branches:
Dungeon (3/15)

Altars:


Message History

Aiming: Flame Tongue (safe; 3% risk of failure)
Press: ? - help, Shift-Dir - straight line, f/p - orc wizard
Aim: an orc wizard, wielding a +0 dagger and wearing a +0 robe (severely wounded)
The flame tongue hits the orc wizard!
You kill the orc wizard!
Your Stealth skill increases to level 3!
The orc hits you but does no damage.
The orc hits you with a +2 short sword of freezing.
* * * LOW HITPOINT WARNING * * *
Things that are here:
a +0 dagger; a +0 robe
Casting: Flame Tongue (safe; 3% risk of failure)
Confirm with . or Enter, or press ? or * to list all spells.
Aiming: Flame Tongue (safe; 3% risk of failure)
Press: ? - help, Shift-Dir - straight line, f - orc
Aim: an orc, wielding a +2 short sword of freezing and wearing a +0 chain mail The flame tongue hits the orc.
The orc is almost dead.
The orc hits you with a +2 short sword of freezing!
You die...

#........####.....#
#........'..+.....#
###........####.....# ####
#..........# #<.....# #...
#..[.......###......###...
#.....................'...
#.....###.####'##.#####...
#...[.# #.##....#.# ####
#..†..# #@##....#.######
#.....# #>o'....+......#
####### ####...)#.####.##
###'##.# #..#
#.##.#####.##
#.##.........
#.#########.#
#............
###########..


You could see an orc.

Vanquished Creatures
  An orc wizard (D:2)
  2 adders (D:2)
  A leopard gecko (D:1)
  An orc (D:3)
  8 bats
  4 giant cockroaches
  7 hobgoblins
  5 jackals (D:2)
  6 kobolds
  3 ball pythons (D:1)
  2 frilled lizards
  6 goblins
  8 rats
54 creatures vanquished.

Notes
Turn   | Place    | Note
-------+----------+-------------------------------------------
     0 | D:1      | nikopol the Deep Elf Fire Elementalist began the quest for
                  | the Orb.
     0 | D:1      | Reached XP level 1. HP: 10/10 MP: 6/6
   184 | D:1      | Reached XP level 2. HP: 15/15 MP: 5/8
   803 | D:2      | Reached XP level 3. HP: 19/19 MP: 8/10
  1399 | D:2      | Learned a level 2 spell: Throw Flame
  1403 | D:2      | Learned a level 3 spell: Conjure Flame
  1521 | D:2      | Reached XP level 4. HP: 23/24 MP: 7/12
  1546 | D:2      | Learned a level 4 spell: Sticky Flame
  1758 | D:2      | Slain by an orc

Levels and vault maps discovered:
D:1:      dpeg_arrival_concentric_ovals, layout_basic, hex_medium
D:2:      minmay_chambers_of_twos, layout_basic, minmay_split_cup_small
D:3:      layout_basic, gammafunk_temple_overflow_forgotten,
          lemuel_zombie_altar_kikubaaqudgha, first_ration, wad_rectangle_vault

Skill      XL: |  1  2  3  4 |
---------------+-------------+-----
Fire Magic     | 4 |  4.2
Spellcasting   | 4 |  4.5
Stealth        | 3 |  3.6
Dodging        | |  2.4
Conjurations   | |  1.7

Action                   |  1- 3 |  4- 6 || total
-------------------------+-------+-------++-------
 Cast: Flame Tongue      |    73 |    17 ||    90
  Eat: Chunk             |     2 |       ||     2
Armor: Robe              |    14 |     2 ||    16
Dodge: Dodged            |    28 |     2 ||    30

Table legend:
 A = Non-vault XP
 B = Vault XP
 C = Vault XP percentage of total XP
 D = Non-vault monster count
 E = Vault monster count
 F = Vault count percentage of total count
                 A         B        C        D         E       F
            +---------+---------+-------+---------+---------+-------
      Total |     115 |      30 |  20.7 |      43 |      11 |  20.4
            +---------+---------+-------+---------+---------+-------
        D:1 |      37 |       0 |   0.0 |      23 |       0 |   0.0
        D:2 |      75 |      30 |  28.6 |      19 |      11 |  36.7
        D:3 |       3 |       0 |   0.0 |       1 |       0 |   0.0
            +---------+---------+-------+---------+---------+-------
